 Dungeon Crawl Stone Soup version 0.28-a0-245-g639a1a48b9 (webtiles) character file.

Game seed: 14320797046793564958

53 pokeman the Magician (level 3, -1/20 HPs)
             Began as a Deep Elf Hedge Wizard on Aug 25, 2021.
             Killed by nerve-wracking pain
             ... invoked by an orc priest
              (9 damage)
             ... on level 3 of the Dungeon.
             The game lasted 00:04:12 (2391 turns).

pokeman the Magician (Deep Elf Hedge Wizard)        Turns: 2391, Time: 00:04:13

Health: -1/20      AC:  3    Str:  7    XL:     3   Next: 62%
Magic:  9/11       EV: 26    Int: 19    God:
Gold:   106        SH:  0    Dex: 14    Spells: 1/12 levels left

rFire   . . .      SeeInvis .   d - +1 long sword (holy)
rCold   . . .      Faith    .   (no shield)
rNeg    . . .      Spirit   .   i - +0 leather armour
rPois   .          Reflect  .   c - +0 hat
rElec   .          Harm     .   (no cloak)
rCorr   .          Rampage  .   (no gloves)
Will    .....                   (no boots)
Stlth   ++........              g - amulet of the acrobat
HPRegen 0.06/turn               (no ring)
MPRegen 0.12/turn               (no ring)

@: acrobatic
A: no striking features
a: no special abilities


You were on level 3 of the Dungeon.
You visited 1 branch of the dungeon, and saw 3 of its levels.

You collected 106 gold pieces.

Inventory:

Hand Weapons
 d - a +1 long sword of holy wrath (weapon)
Armour
 c - a +0 hat (worn)
 i - a +0 leather armour (worn)
Jewellery
 g - an amulet of the acrobat (around neck)
Scrolls
 a - a scroll of enchant armour {unknown}
 b - a scroll of summoning {unknown}
 f - 2 scrolls of teleportation {unknown}
 h - a scroll of identify {unknown}
 j - a scroll of enchant weapon {unknown}
Potions
 e - a potion of lignification {unknown}
 k - a potion of curing {unknown}


   Skills:
 - Level 1.0 Fighting
 - Level 1.0 Armour
 + Level 2.4 Dodging
 - Level 2.4 Stealth
 * Level 5.3 Spellcasting
 + Level 1.8 Conjurations
 - Level 1.1 Summonings
 - Level 1.1 Translocations
 + Level 0.0 Fire Magic


You had one spell level left.
You knew the following spells:

 Your Spells              Type           Power      Damage    Failure   Level
a - Magic Dart            Conj           48%        1d5       9%          1
b - Mephitic Cloud        Conj/Pois/Air  7%         N/A       38%         3
c - Call Imp              Summ           9%         N/A       17%         2
d - Blink                 Tloc           N/A        N/A       17%         2
e - Conjure Flame         Conj/Fire      8%         6-21      34%         3

Your spell library contained the following spells:

 Spells                   Type           Power      Damage    Failure   Level
 Slow                     Hex            5%         N/A       26%         2
 Ignite Poison            Fire/Tmut/Pois 5%         N/A       45%         3
 Bolt of Magma            Conj/Fire/Erth 3%         4d5       98%         5


Dungeon Overview and Level Annotations

Branches:
Dungeon (3/15)

Altars:


Message History

You can't see any susceptible monsters within range! (Use Z to cast anyway.) Unknown command.
Casting: Magic Dart (safe; 9% risk of failure)
Confirm with . or Enter, or press ? or * to list all spells.
You can't see any susceptible monsters within range! (Use Z to cast anyway.) Unknown command.
Your magical contamination has completely faded away.
You see here a hobgoblin corpse.
You see here a hobgoblin corpse.
You see here 23 sling bullets.
Done exploring.
Done exploring.
There is a stone staircase leading down here.
You climb downwards.
There is a stone staircase leading up here.
Found 12 gold pieces.
An orc priest comes into view. It is wielding a +0 dagger.
Casting: Magic Dart (safe; 9% risk of failure)
Confirm with . or Enter, or press ? or * to list all spells.
Aiming: Magic Dart (safe; 9% risk of failure)
Press: ? - help, Shift-Dir - straight line, f - orc priest
Aim: an orc priest, wielding a +0 dagger (asleep, 100% to hit)
The magic dart hits the orc priest.
The orc priest is moderately wounded.
The orc priest shouts!
You hear an angry hiss.
Casting: Magic Dart (safe; 9% risk of failure)
Confirm with . or Enter, or press ? or * to list all spells.
Aiming: Magic Dart (safe; 9% risk of failure)
Press: ? - help, Shift-Dir - straight line, f/p - orc priest
Aim: an orc priest, wielding a +0 dagger (moderately wounded, 100% to hit)
The magic dart hits the orc priest.
The orc priest is moderately wounded.
The orc priest mumbles some strange prayers to Beogh against you.
Beogh smites you!
Ouch! That really hurt!
An orc wizard comes into view. It is wielding a +0 dagger.
You hear a shout!
You hear an angry hiss.
The orc priest invokes the aid of Beogh against you.
Pain shoots through your body!
You die...

#.# #. #.### #.
#.#≈# #. #.#≈## .
#. #.#≈≈##.. #.
#..≈≈.... ####.
#<≈≈≈≈...
#...$##..≈≈....
#.@...≈≈..≈.
..o...###..≈≈..≈#
≈≈≈≈≈ #≈.≈≈.≈≈#
.o.. #..≈≈...#
### #.≈≈≈≈.≈#
#≈≈≈≈≈..#
#.≈≈≈.≈..
#..≈≈≈≈.#


You could see an orc priest and an orc wizard (wandering).

Vanquished Creatures
  2 dart slugs (D:1)
  6 ball pythons
  5 endoplasms
  3 goblins
  7 hobgoblins
  7 jackals
  5 bats
  2 frilled lizards
  2 kobolds (D:1)
  5 rats (D:1)
44 creatures vanquished.

Notes
Turn   | Place    | Note
-------+----------+-------------------------------------------
     0 | D:1      | pokeman the Deep Elf Hedge Wizard began the quest for the
                  | Orb.
     0 | D:1      | Reached XP level 1. HP: 10/10 MP: 7/7
   236 | D:1      | Reached XP level 2. HP: 16/16 MP: 1/9
   689 | D:1      | Reached skill level 5 in Spellcasting
  1039 | D:1      | Reached XP level 3. HP: 20/20 MP: 9/11
  1066 | D:1      | Learned a level 3 spell: Mephitic Cloud
  1069 | D:1      | Learned a level 2 spell: Call Imp
  1072 | D:1      | Learned a level 2 spell: Blink
  1076 | D:1      | Learned a level 3 spell: Conjure Flame
  1577 | D:2      | Found a faded altar of an unknown god.
  2001 | D:2      | Reached skill level 1 in Armour
  2197 | D:2      | Reached skill level 1 in Fighting
  2391 | D:3      | Killed from afar by an orc priest

Illustrated notes

Levels and vault maps discovered:
D:1:      minmay_arrival_jagged, layout_loops_ring
D:2:      layout_loops_ring, basic_ecumenical_altar
D:3:      layout_loops_ring, mainiacjoe_overflow_brackets, serial_shops,
          shop_statue, chequers_serial_rivers_small_3

Skill      XL: |  1  2  3 |
---------------+----------+-----
Spellcasting   | 5 |  5.3
Armour         | 1 |  1.0
Fighting       | 1 |  1.0
Dodging        | |  2.4
Stealth        | |  2.4
Conjurations   | |  1.8
Summonings     | |  1.1
Translocations | |  1.1

Action                   || total
-------------------------++-------
Melee: Long sword        ||     7
 Cast: Magic Dart        ||   102
 Stab: Sleeping          ||     1
Armor: Robe              ||     2
Dodge: Dodged            ||     7
       Rpst.: Long sword ||     3

Table legend: (Time is in decaauts)
 A = Elapsed time spent in this place.
 B = Non-inter-level travel time spent in this place.
 C = Inter-level travel time spent in this place.
 D = Time resting spent in this place.
 E = Time spent auto-exploring this place.
 F = Levels seen in this place.
 G = Mean time per level.
                   A        B        C        D        E       F      G
               +--------+--------+--------+--------+--------+-----+--------+
         Total |   2392 |   2323 |     69 |      0 |   2058 |   3 |  797.3 |
       Dungeon |   2392 |   2323 |     69 |      0 |   2058 |   3 |  797.3 |
               +--------+--------+--------+--------+--------+-----+--------+

Top non-repeatable levels by time:
     D:1: 1396 daAuts
     D:2: 990 daAuts
     D:3: 5 daAuts
